 Dungeon Crawl Stone Soup version 0.28-a0-706-gf6f64a616a (webtiles) character file.

Game seed: 7801461148135283657

962 oldriver the Magician (level 8, -3/105 HPs)
             Began as an Octopode Fire Elementalist on Oct 24, 2021.
             Was an Initiate of Vehumet.
             Shot with an arrow by a centaur (11 damage)
             ... on level 6 of the Dungeon.
             The game lasted 00:09:17 (9222 turns).

oldriver the Magician (Octopode Fire Elementalist)  Turns: 9222, Time: 00:09:21

Health: -3/105     AC: 24    Str:  7    XL:     8   Next: 15%
Magic:  12/18      EV:  2    Int: 20    God:    Vehumet [......]
Gold:   183        SH:  0    Dex: 12    Spells: 14/20 levels left

rFire   . . .      SeeInvis .   h - +2 whip (freeze)
rCold   . . .      Faith    .   (no shield)
rNeg    . . .      Spirit   .   (helmet currently unavailable)
rPois   +          Reflect  .   (no amulet)
rElec   .          Harm     .   l - ring of resist corrosion
rCorr   +          Rampage  .   (no ring)
Will    .....      NoTele   +   (no ring)
Stlth   ..........              (no ring)
HPRegen 0.27/turn               (no ring)
MPRegen 0.16/turn               (no ring)
                                (no ring)
                                (no ring)

@: berserking, tree-form, very quick
A: stationary, stasis, torment immunity, boosted hp, almost no armour,
(amphibious), 8 rings, (camouflage 1), (gelatinous body 1), (nimble swimmer 1),
(tentacles)
a: Renounce Religion


You were on level 6 of the Dungeon.
You worshipped Vehumet.
Vehumet was noncommittal.
You were a tree.
You visited 2 branches of the dungeon, and saw 7 of its levels.

You collected 183 gold pieces.

Inventory:

Hand Weapons
 h - a +2 whip of freezing (weapon)
Jewellery
 l - a ring of resist corrosion (left branch)
Scrolls
 a - 5 scrolls of teleportation {unknown}
 c - 3 scrolls of enchant weapon {unknown}
 d - 2 scrolls of noise {unknown}
 e - a scroll of blinking {unknown}
 f - 4 scrolls of identify {unknown}
 g - a scroll of vulnerability {unknown}
 i - a scroll of fog {unknown}
 j - a scroll of fear {unknown}
 k - a scroll of enchant armour {unknown}
 o - a scroll of brand weapon {unknown}
 p - a scroll of immolation {unknown}
Potions
 b - a potion of curing


   Skills:
 + Level 0.4 Fighting
 + Level 1.6 Maces & Flails
 + Level 2.5 Dodging
 + Level 3.2 Stealth
 * Level 6.7 Spellcasting
 + Level 2.7 Conjurations
 + Level 4.9 Fire Magic


You had 14 spell levels left.
You knew the following spells:

 Your Spells              Type           Power      Damage    Failure   Level
a - Foxfire               Conj/Fire      88%        2x1d8     1%          1
b - Scorch                Fire           52%        2d7       1%          2
c - Conjure Flame         Conj/Fire      22%        6-21      6%          3

Your spell library contained the following spells:

 Spells                   Type           Power      Damage    Failure   Level
 Inner Flame              Hex/Fire       16%        N/A       11%         3
 Ensorcelled Hibernation  Hex/Ice        12%        N/A       14%         2
 Slow                     Hex            6%         N/A       14%         2
 Dazzling Flash           Conj/Hex       24%        N/A       17%         3
 Flame Wave               Conj/Fire      22%        3d6       21%         4
 Confusing Touch          Hex            6%         N/A       28%         3
 Spider Form              Tmut/Pois      3%         N/A       28%         3
 Tukima's Dance           Hex            6%         N/A       28%         3
 Yara's Violent Unravell  Hex/Tmut       3%         3d4       95%         5
 Storm Form               Tmut/Air       3%         N/A       100%        7
 Necromutation            Tmut/Necr      3%         N/A       100%        8


Dungeon Overview and Level Annotations

Branches:
Dungeon (5/15)             Temple (1/1) D:5

Altars:
Ashenzari
Cheibriados
Dithmenos
Elyvilon
Gozag
Hepliaklqana
Kikubaaqudgha
Makhleb
Nemelex Xobeh
Okawaru
Qazlal
Ru
Sif Muna
Uskayaw
Vehumet
Wu Jian
Xom
Yredelemnul
Zin
The Shining One

Shops:
D:1 (


Innate Abilities, Weirdness & Mutations

You are a tree.
Your roots penetrate the ground, keeping you stationary.
You cannot be teleported.
You are immune to unholy pain and torment.
Your maximum health is greatly increased.
You cannot wear most types of armour.
((You are amphibious.))
You can wear up to eight rings at the same time.
((Your skin changes colour to match your surroundings (Stealth+).))
((Your rubbery body absorbs attacks. (AC +1, EV +1)))
((You are camouflaged near water. (Stealth+)))
((You have tentacles for arms and can constrict up to eight enemies at once.))


Message History

The wyvern skeleton is moderately damaged.
The wyvern skeleton's fire resistance burns away.
The centaur shouts!
The foxfire hits the wyvern skeleton.
The wyvern skeleton is heavily damaged.
The foxfire hits the wyvern skeleton.
The wyvern skeleton is burned terribly!
The wyvern skeleton is heavily damaged.
The centaur wields a +0 shortbow.
The centaur shoots an arrow.
The arrow completely misses you. The wyvern skeleton bites you!
Casting: Scorch (safe; 1% risk of failure)
Confirm with . or Enter, or press ? or * to list all spells.
Flames lash the wyvern skeleton.
The wyvern skeleton is burned terribly!
The wyvern skeleton is severely damaged.
The centaur shoots an arrow.
The arrow hits you! The wyvern skeleton barely misses you.
The centaur shoots an arrow.
The arrow hits you!
Casting: Scorch (safe; 1% risk of failure)
Confirm with . or Enter, or press ? or * to list all spells.
Flames lash the centaur.
The centaur is heavily wounded.
The centaur's fire resistance burns away.
The wyvern skeleton closely misses you.
The centaur shoots an arrow.
The arrow hits you!
* * * LOW HITPOINT WARNING * * *
The wyvern skeleton barely misses you.
You feel better. The wyvern skeleton bites you!
* * * LOW HITPOINT WARNING * * *
The centaur shoots an arrow.
The arrow completely misses you.
It was a potion of lignification.
You turn into a tree.
Your roots penetrate the ground.
The wyvern skeleton bites you but does no damage.
The centaur shoots an arrow.
The arrow completely misses you.
It was a potion of berserk rage.
A red film seems to cover your vision as you go berserk!
You feel yourself moving faster!
You feel mighty!
The centaur shoots an arrow.
The arrow hits you!
* * * LOW HITPOINT WARNING * * *
The wyvern skeleton bites you but does no damage.
The centaur shoots an arrow.
The arrow hits you!
You die...

#++######
#........
#♣.c.....
#.Z.....#
#.../..##
#.....##
#....##≈≈
#...##S≈≈
#..## ≈≈#
#.##≈ ##


You could see a centaur (combustible), an electric eel and a wyvern skeleton
(combustible).

Vanquished Creatures
  Menkaure (D:4)
  A water moccasin (D:5)
  An ice beast (D:5)
  An ogre (D:4)
  A necrophage (D:4)
  A jelly (D:5)
  4 hounds
  Natasha (thrice) (D:4)
  A killer bee zombie (D:5)
  5 hound skeletons (D:4)
  Robin (D:4)
  4 gnolls
  3 adders
  A worm (D:4)
  2 dart slugs
  3 orcs
  5 endoplasms
  4 giant cockroaches
  20 goblins
  10 hobgoblins
  5 kobolds
  A quokka (D:5)
  3 ball pythons
  2 ball python zombies (D:1)
  5 bats
  7 frilled lizards
  9 rats
  A spectral orc (D:5)
105 creatures vanquished.

Vanquished Creatures (collateral kills)
  A foxfire (D:3)
1 creature vanquished.

Vanquished Creatures (others)
  543 foxfires
543 creatures vanquished.

Grand Total: 649 creatures vanquished

Notes
Turn   | Place    | Note
-------+----------+-------------------------------------------
     0 | D:1      | oldriver the Octopode Fire Elementalist began the quest for
                  | the Orb.
     0 | D:1      | Reached XP level 1. HP: 11/11 MP: 3/3
   863 | D:1      | Reached XP level 2. HP: 17/17 MP: 0/5
  1061 | D:1      | Found Zylum's Weapon Boutique.
  1987 | D:1      | Reached skill level 3 in Spellcasting
  2397 | D:2      | Learned a level 2 spell: Scorch
  2769 | D:2      | Reached XP level 3. HP: 21/21 MP: 3/7
  4567 | D:3      | Found a faded altar of an unknown god.
  4802 | D:3      | Reached XP level 4. HP: 27/27 MP: 5/9
  5106 | D:3      | Reached skill level 4 in Spellcasting
  5751 | D:3      | Reached XP level 5. HP: 11/31 MP: 4/11
  6169 | D:4      | Found a glowing silver altar of Zin.
  6433 | D:4      | Noticed Natasha
  6439 | D:4      | Killed Natasha
  6440 | D:4      | Reached XP level 6. HP: 37/37 MP: 0/13
  6582 | D:4      | Noticed Natasha
  6589 | D:4      | Killed Natasha
  6590 | D:4      | Reached skill level 5 in Spellcasting
  6608 | D:4      | Noticed Natasha
  6613 | D:4      | Killed Natasha
  6679 | D:4      | Learned a level 3 spell: Conjure Flame
  6702 | D:4      | Got Sif Muna's Guide on the Mutagenic Oath
  7085 | D:4      | Noticed Robin
  7102 | D:4      | Killed Robin
  7622 | D:4      | Noticed a necrophage
  7627 | D:4      | Killed a necrophage
  7628 | D:4      | Reached XP level 7. HP: 42/42 MP: 7/15
  7629 | D:4      | Noticed Menkaure
  7637 | D:4      | Killed Menkaure
  7847 | D:4      | Found a white marble altar of Elyvilon.
  7944 | D:4      | Found a hazy altar of Hepliaklqana.
  7944 | D:4      | Found a shimmering blue altar of Sif Muna.
  7950 | D:4      | Found an opulent altar of Gozag.
  8006 | D:4      | Reached skill level 1 in Maces & Flails
  8006 | D:4      | Reached skill level 6 in Spellcasting
  8233 | D:5      | Entered Level 5 of the Dungeon
  8430 | D:5      | Found a basalt altar of Yredelemnul.
  8557 | D:5      | Reached XP level 8. HP: 47/47 MP: 8/18
  8789 | D:5      | Found a staircase to the Ecumenical Temple.
  8799 | Temple   | Entered the Ecumenical Temple
  8907 | Temple   | Became a worshipper of Vehumet
  9215 | D:5      | You fall into a shaft and drop 1 floor!
  9222 | D:6      | Shot with an arrow by a centaur

Illustrated notes

Levels and vault maps discovered:
D:1:      saegor_arrival_fortress, layout_basic, serial_shops,
          nicolae_shop_waterfront
D:2:      layout_loops_corners, hangedman_abyss_or_decor_stabs
D:3:      layout_loops_corners, ebering_ecumenical_altar_abandoned,
          cheibrodos_gnoll_hut
D:4:      layout_cave_pools, mainiacjoe_overflow_paths,
          gammafunk_temple_overflow_forgotten, old_standard_altar, st_stairs_8,
          minmay_ogre_servants, uniq_natasha, uniq_menkaure, uniq_robin
D:5:      kennysheep_windowed_halls, layout_basic,
          yredelemnul_forgotten_temple_becter, minmay_temple_entry_wispy
D:6:      layout_basic, kennysheep_little_box, biasface_ghost_orc_armoury,
          kennysheep_opposing_triangles
Temple:   jpeg_temple_clearing

Skill      XL: |  1  2  3  4  5  6  7 |
---------------+----------------------+-----
Spellcasting   | 3 4 5 6 |  6.7
Fire Magic     | 4 |  4.9
Conjurations   | 2 |  2.7
Stealth        | 3 |  3.2
Maces & Flails | 1 |  1.6
Fighting       | |  0.4
Dodging        | |  2.5

Action                   |  1- 3 |  4- 6 |  7- 9 || total
-------------------------+-------+-------+-------++-------
Melee: Unarmed           |     6 |       |       ||     6
       Constrict         |     3 |     2 |     3 ||     8
       Whip              |     5 |     6 |     7 ||    18
       Tentacles         |     1 |     2 |     2 ||     5
 Cast: Foxfire           |   133 |   152 |    50 ||   335
       Scorch            |       |     8 |    13 ||    21
  Use: Potion            |       |     7 |     3 ||    10
Armor: Skin              |     2 |     3 |     5 ||    10
Dodge: Dodged            |    17 |    48 |    17 ||    82

Table legend: (Time is in decaauts)
 A = Elapsed time spent in this place.
 B = Non-inter-level travel time spent in this place.
 C = Inter-level travel time spent in this place.
 D = Time resting spent in this place.
 E = Time spent auto-exploring this place.
 F = Levels seen in this place.
 G = Mean time per level.
                   A        B        C        D        E       F      G
               +--------+--------+--------+--------+--------+-----+--------+
         Total |   9203 |   9010 |    193 |   4108 |   4013 |   7 | 1314.7 |
       Dungeon |   9071 |   8913 |    158 |   4108 |   3929 |   6 | 1511.8 |
        Temple |    132 |     97 |     35 |      0 |     84 |   1 |  132.0 |
               +--------+--------+--------+--------+--------+-----+--------+

Top non-repeatable levels by time:
     D:1: 2384 daAuts
     D:4: 2078 daAuts
     D:2: 1883 daAuts
     D:3: 1869 daAuts
     D:5: 849 daAuts
  Temple: 132 daAuts
     D:6: 6 daAuts
